 Dungeon Crawl Stone Soup version 0.17-a0-737-gf0a300a (webtiles) character file.

36206 kompi the Unseen (level 13, -12/55 HPs)
             Began as a Vine Stalker Enchanter on Apr 29, 2015.
             Was a High Priest of Dithmenos.
             Mangled by a death yak (19 damage)
             ... on level 7 of the Lair of Beasts.
             The game lasted 01:21:40 (17967 turns).

kompi the Unseen (Vine Stalker Enchanter)          Turns: 17967, Time: 01:21:41

Health: -12/55     AC: 13    Str: 10    XL:     13   Next: 88%
Magic:  0/26       EV: 18    Int: 20    God:    Dithmenos [*****.]
Gold:   1557       SH:  0    Dex: 19    Spells: 8 memorised, 2 levels left

rFire  . . .     SeeInvis +     b - +4 dagger (elec)
rCold  . . .     Clarity  .     P - +2 robe {MR+}
rNeg   . . .     SustAb   .     (no shield)
rPois  .         Gourm    .     f - +2 hat {Int+3}
rElec  .         Spirit   +     i - +1 cloak
rCorr  .         Warding  .     h - +2 pair of gloves
rMut   .         Stasis   .     o - +0 pair of boots
MR     ++...                    g - amulet of regeneration
Stlth  ++++++++++               K - ring of see invisible
                                e - ring of wizardry

@: wreathed by umbra, very resistant to hostile enchantments, uncannily stealthy
A: fangs 3, regeneration 3, shaggy fur 1, magic shield, antimagic bite, no
device heal 3, rot immunity
a: Shadow Step, Shadow Form, Renounce Religion


You were on level 7 of the Lair of Beasts.
You worshipped Dithmenos.
Dithmenos was extremely pleased with you.
You were very hungry.

You visited 4 branches of the dungeon, and saw 22 of its levels.
You also visited: Ossuary.

You collected 1557 gold pieces.

Inventory:

Hand weapons
 b - a +4 dagger of electrocution (weapon)
 G - a +1 dagger of venom
Missiles
 m - 3 throwing nets
 Q - 8 steel tomahawks (quivered)
Armour
 f - a +2 hat of intelligence (worn)
 h - a +2 pair of gloves (worn)
 i - a +1 cloak (worn)
 o - a +0 pair of boots (worn)
 H - a +2 robe of fire resistance
 P - a +2 robe of magic resistance (worn)
Jewellery
 e - a ring of wizardry (left hand)
 g - an amulet of regeneration (around neck)
 l - an uncursed ring of positive energy
 q - an uncursed amulet of resist mutation
 C - an uncursed ring of poison resistance
 K - a ring of see invisible (right hand)
 O - an uncursed ring of protection from fire
Magical devices
 a - a wand of polymorph (9)
 r - a wand of confusion (22)
 u - a wand of teleportation (5)
 A - a wand of digging (21)
 M - a wand of slowing (12)
 R - a wand of disintegration (12)
 W - a wand of lightning (11)
 X - a wand of confusion (11)
Scrolls
 j - 2 scrolls of identify
 k - a scroll of fog
 p - 6 scrolls of remove curse
 t - a scroll of fear
 y - a scroll of amnesia
 S - a scroll of summoning {unknown}
 T - a scroll of magic mapping
 Z - 4 scrolls of teleportation
Potions
 z - a potion of mutation
 D - 5 potions of haste
 E - 10 potions of curing
 F - a potion of resistance
 L - 3 potions of restore abilities
 N - a potion of cure mutation
 V - 2 potions of agility
 Y - a potion of lignification
Books
 c - a book of Maledictions

   Spells                             Type                      Level
   a - Corona                         Hexes                        1
   b - Ensorcelled Hibernation        Hexes/Ice                    2
   c - Confuse                        Hexes                        3
   d - Tukima's Dance                 Hexes                        3
   e - Dazzling Spray                 Conjuration/Hexes            3
 n - a book of Alchemy

   Spells                             Type                      Level
   a - Sublimation of Blood           Necromancy                   2
   b - Alistair's Intoxication        Transmutation/Poison         4
   c - Condensation Shield            Ice                          4
   d - Petrify                        Transmutation/Earth          4
   e - Ignite Poison                  Fire/Transmutation           5
   f - Irradiate                      Conjuration/Transmutation    5
 w - a book of Control

   Spells                             Type                      Level
   a - Control Teleport               Charms/Translocation         4
   b - Control Undead                 Necromancy                   4
   c - Metabolic Englaciation         Hexes/Ice                    5
   d - Mass Confusion                 Hexes                        6
 I - a book of the Earth

   Spells                             Type                      Level
   a - Leda's Liquefaction            Hexes/Earth                  4
   b - Bolt of Magma                  Conjuration/Fire/Earth       5
   c - Statue Form                    Transmutation/Earth          6
   d - Iron Shot                      Conjuration/Earth            6
   e - Shatter                        Earth                        9
 J - a book of Dreams

   Spells                             Type                      Level
   a - Ensorcelled Hibernation        Hexes/Ice                    2
   b - Flight                         Charms/Air                   3
   c - Phase Shift                    Translocation                5
   d - Shadow Creatures               Summoning                    5
   e - Mass Confusion                 Hexes                        6
   f - Darkness                       Hexes                        7
 U - a book of Geomancy

   Spells                             Type                      Level
   a - Sandblast                      Earth                        1
   b - Stoneskin                      Transmutation/Earth          2
   c - Passwall                       Transmutation/Earth          3
   d - Stone Arrow                    Conjuration/Earth            3
   e - Petrify                        Transmutation/Earth          4
   f - Lee's Rapid Deconstruction     Earth                        5
Miscellaneous
 x - a crystal ball of energy
Comestibles
 d - 11 bread rations
 s - 18 fruits
 v - a meat ration
 B - a slice of pizza


   Skills:
 + Level 8.6 Short Blades
 + Level 7.8 Dodging
 * Level 16.4 Stealth
 + Level 8.3 Spellcasting
 + Level 8.0 Conjurations
 - Level 7.0 Hexes
 + Level 6.8 Charms
 - Level 2.0 Ice Magic


You had 2 spell levels left.
You knew the following spells:

 Your Spells              Type           Power        Failure   Level  Hunger
a - Repel Missiles        Chrm/Air       ###...       1%          2    None
b - Ensorcelled Hibernat  Hex/Ice        ####..       1%          2    None
c - Confuse               Hex            #####...     1%          3    None
d - Mephitic Cloud        Conj/Pois/Air  ###.....     4%          3    None
e - Blink                 Tloc           N/A          6%          2    None
f - Control Teleport      Chrm/Tloc      ###.......   9%          4    ###....
g - Throw Icicle          Conj/Ice       ####....     4%          4    ###....
h - Iron Shot             Conj/Erth      ###.......   90%         6    ######.


Dungeon Overview and Level Annotations

Branches:
Dungeon (12/15)            Temple (1/1) D:7            Lair (7/8) D:8
 Shoals (0/5) Lair:5        Snake (0/5) Lair:3        Slime (0/6) Lair:7
    Orc (2/4) D:12

Altars:
Ashenzari
Cheibriados
Dithmenos
Elyvilon
Fedhas
Gozag
Kikubaaqudgha
Makhleb
Nemelex Xobeh
Sif Muna
Vehumet
Yredelemnul
Zin
The Shining One
Beogh

Shops:
D:9 *


Innate Abilities, Weirdness & Mutations

You have razor-sharp teeth.
You regenerate.
You are covered in fur (AC +1).
When hurt, damage is shared between your health and your magic reserves.
Your bite disrupts and absorbs the magic of your enemies.
Potions and wands cannot restore your health.
You are immune to rotting.


Message History

You hit the death yak.
You bite the death yak, but do no damage.
The death yak is moderately wounded.
The death yak gores you!
* * * LOW HITPOINT WARNING * * *
Casting: Ensorcelled Hibernation
Confirm with . or Enter, or press ? or * to list all spells.
You don't have enough magic to cast that spell.
Unknown command.
Casting: Ensorcelled Hibernation
Confirm with . or Enter, or press ? or * to list all spells.
You don't know that spell.
You hit the death yak but do no damage.
There is a sudden explosion of sparks!
You bite the death yak, but do no damage.
The death yak is heavily wounded.
You hit the death yak.
You bite the death yak, but do no damage.
The death yak is heavily wounded.
The death yak gores you!!
You die...

........#..## #.........P#
.........>..###.........##
........>#.P.............##
.........#......#.........##
........#...###.+..........##
#.$.........##.............#
.....##...§Y###...........##
..........§Y###...........###
.#.....#..#@##.............P
#....########.............#
#... #.......#...... .P.
#....#.....#...
##.............
#..............
..P..#...>......
................
##..............


You could see 2 death yaks.

Vanquished Creatures
  Gastronok (D:9)
  Harold (Lair:2)
  3 hydras
  2 death yaks (Lair:7)
  Sonja (D:12)
  An unseen horror (D:12)
  A hill giant (D:12)
  A flayed ghost (D:12)
  An orc knight (D:12)
  A griffon (Lair:5)
  A cyclops (D:11)
  Maurice (D:10)
  Joseph (D:8)
  5 black mambas
  3 elephants (Lair:6)
  Psyche (D:8)
  5 spiny frogs
  9 komodo dragons
  A fire drake (Lair:4)
  3 trolls
  A shadow (D:12)
  A snapping turtle (Lair:5)
  A spriggan (D:9)
  4 deep elf magi
  4 wraiths (D:12)
  3 hippogriffs
  26 yaks
  6 fire bats (D:12)
  2 hungry ghosts
  A wyvern (D:10)
  Grum (D:11)
  5 wolves
  2 basilisks
  Menkaure (D:5)
  4 nagas (Lair:3)
  7 orc warriors
  2 sky beasts
  11 porcupines
  7 water moccasins
  Duvessa (D:6)
  A swamp drake (Orc:1)
  2 black bears
  7 ogres
  2 phantoms
  4 ice beasts
  6 crocodiles
  A big kobold (D:12)
  A necrophage (D:10)
  9 centaurs
  17 giant frogs
  Blork the orc (D:6)
  3 killer bees (D:10)
  3 scorpions
  Dowan (D:6)
  An electric eel (D:10)
  10 jellies
  8 crimson imps
  2 hounds
  A wasp zombie (D:10)
  A centaur zombie (D:8)
  A quasit (D:11)
  An iron imp (Orc:1)
  A giant frog zombie (D:12)
  3 giant frog skeletons
  3 centaur skeletons
  10 orc priests
  8 iguanas
  7 worker ants
  13 orc wizards
  14 sheep
  A mummy (D:6)
  A worker ant zombie (D:9)
  13 adders
  6 gnolls (D:9)
  48 river rats
  2 shadow imps
  A white imp (Orc:1)
  An ooze (Lair:7)
  An adder skeleton (D:6)
  An adder zombie (D:8)
  5 worms
  6 giant geckos
  85 orcs
  41 bats
  2 bat skeletons (D:6)
  23 goblins
  19 hobgoblins
  4 jackals (D:2)
  19 kobolds
  10 quokkas
  5 giant cockroaches
  2 giant gecko skeletons
  5 giant newts
  3 giant spores
  A gnoll zombie (Ossuary)
  A jackal skeleton (D:4)
  An orc zombie (Ossuary)
  22 rats
  A spectral orc (D:6)
  9 ballistomycetes
614 creatures vanquished.

Vanquished Creatures (others)
  An orc (Orc:1)
  A bat (D:7)
  A giant spore (D:7)
3 creatures vanquished.

Grand Total: 617 creatures vanquished

Notes
Turn   | Place    | Note
--------------------------------------------------------------
     0 | D:1      | kompi, the Vine Stalker Enchanter, began the quest for the Orb.
     0 | D:1      | Reached XP level 1. HP: 9/9 MP: 4/4
   396 | D:1      | Reached skill level 4 in Stealth
   396 | D:1      | Reached XP level 2. HP: 13/13 MP: 6/6
   767 | D:2      | Learned a level 2 spell: Ensorcelled Hibernation
   840 | D:2      | Reached skill level 1 in Short Blades
   969 | D:2      | Found a blossoming altar of Fedhas.
   985 | D:2      | Reached XP level 3. HP: 9/16 MP: 5/8
  1614 | D:3      | Reached XP level 4. HP: 13/21 MP: 1/9
  1792 | D:3      | Found a deep blue altar of Sif Muna.
  1853 | D:3      | Learned a level 3 spell: Confuse
  1957 | D:3      | Found a sparkling altar of Nemelex Xobeh.
  2233 | D:4      | Reached XP level 5. HP: 22/24 MP: 10/10
  2235 | D:4      | Reached skill level 5 in Stealth
  2586 | D:4      | Gained mutation: You heal very quickly. [Vine Stalker growth]
  2586 | D:4      | Reached XP level 6. HP: 28/28 MP: 11/11
  2841 | D:5      | Entered Level 5 of the Dungeon
  2918 | D:5      | Noticed Menkaure
  2931 | D:5      | Killed Menkaure
  2931 | D:5      | Reached skill level 6 in Stealth
  3009 | D:5      | Reached XP level 7. HP: 32/32 MP: 8/13
  3257 | D:5      | Reached skill level 7 in Stealth
  3383 | D:5      | Gained mutation: You have razor-sharp teeth. [Vine Stalker growth]
  3383 | D:5      | Reached XP level 8. HP: 36/36 MP: 9/15
  3793 | D:6      | Noticed Dowan
  3796 | D:6      | Noticed Duvessa
  3798 | D:6      | Killed Dowan
  3798 | D:6      | Reached skill level 5 in Hexes
  3809 | D:6      | Killed Duvessa
  3834 | D:6      | Found a shattered altar of Ashenzari.
  3909 | D:6      | Reached skill level 1 in Ice Magic
  3927 | D:6      | Found a sand-covered staircase.
  4004 | Ossuary  | Entered an ossuary
  4078 | D:6      | Reached skill level 8 in Stealth
  4204 | D:6      | Found a radiant altar of Vehumet.
  4259 | D:6      | Found a glowing golden altar of the Shining One.
  4305 | D:6      | Noticed Blork the orc
  4331 | D:6      | Killed Blork the orc
  4505 | D:6      | Found a basalt altar of Yredelemnul.
  4524 | D:6      | Learned a level 2 spell: Repel Missiles
  4528 | D:6      | Learned a level 3 spell: Mephitic Cloud
  4531 | D:6      | Learned a level 2 spell: Blink
  4760 | D:7      | Reached skill level 9 in Stealth
  4880 | D:7      | Reached XP level 9. HP: 37/39 MP: 11/16
  4907 | D:7      | Found a staircase to the Ecumenical Temple.
  4911 | Temple   | Entered the Ecumenical Temple
  5004 | Temple   | Became a worshipper of Dithmenos the Shadowed
  5078 | D:7      | Reached skill level 1 in Conjurations
  5913 | D:8      | Found a staircase to the Lair.
  5978 | D:8      | Reached skill level 10 in Stealth
  6035 | D:8      | Noticed Psyche
  6043 | D:8      | Killed Psyche
  6088 | D:8      | Reached skill level 5 in Short Blades
  6194 | D:8      | Noticed Joseph
  6230 | D:8      | Killed Joseph
  6230 | D:8      | Reached skill level 11 in Stealth
  6230 | D:8      | Reached XP level 10. HP: 33/44 MP: 12/17
  6256 | D:8      | Found a snail-covered altar of Cheibriados.
  6497 | D:9      | Noticed Gastronok
  6604 | D:9      | Found a burning altar of Makhleb.
  6604 | D:9      | Found an ancient bone altar of Kikubaaqudgha.
  6605 | D:9      | Found a glowing silver altar of Zin.
  6617 | D:9      | Acquired Dithmenos's first power
  6650 | D:9      | Reached skill level 5 in Dodging
  6824 | D:9      | HP: 2/44 [Gastronok (16)]
  7000 | D:10     | Entered Level 10 of the Dungeon
  7014 | D:10     | Noticed Maurice
  7024 | D:10     | Killed Maurice
  7360 | D:10     | Noticed a hill giant
  7385 | D:10     | HP: 2/44 [hill giant/giant spiked club (25)]
  7528 | D:9      | Found Xewamo's Assorted Antiques.
  7657 | D:10     | Reached skill level 1 in Charms
  7717 | D:10     | Reached skill level 12 in Stealth
  8148 | D:11     | Noticed Grum
  8196 | D:11     | Killed Grum
  8196 | D:11     | Reached XP level 11. HP: 35/47 MP: 8/19
  8399 | D:11     | Learned a level 4 spell: Control Teleport
  8467 | D:11     | Reached skill level 5 in Spellcasting
  8467 | D:11     | Reached skill level 5 in Conjurations
  8614 | D:11     | Acquired Dithmenos's second power
  8777 | D:11     | Noticed a seven-headed hydra
  8979 | D:12     | Learned a level 4 spell: Throw Icicle
  9022 | D:12     | Found a roughly hewn altar of Beogh.
  9024 | D:12     | Found a staircase to the Orcish Mines.
  9135 | D:12     | Noticed an orc knight
  9147 | D:12     | Killed an orc knight
  9147 | D:12     | Reached skill level 13 in Stealth
  9362 | D:12     | Noticed Sonja
  9372 | D:12     | Killed Sonja
  9763 | D:12     | Noticed an unseen horror
  9768 | D:12     | Killed an unseen horror
 10049 | D:12     | Killed a hill giant
 10253 | D:12     | Gained mutation: You regenerate. [Vine Stalker growth]
 10253 | D:12     | Reached XP level 12. HP: 51/51 MP: 22/22
 10423 | D:12     | Found a sparkling altar of Nemelex Xobeh.
 10510 | D:12     | Found a runed door.
 10515 | D:12     | Found a snail-covered altar of Cheibriados.
 10535 | D:12     | Acquired Dithmenos's third power
 10545 | D:12     | Found a burning altar of Makhleb.
 10570 | D:12     | Found a basalt altar of Yredelemnul.
 10594 | D:12     | Found a burning altar of Makhleb.
 10603 | D:12     | Reached skill level 14 in Stealth
 10662 | D:12     | Found a white marble altar of Elyvilon.
 10737 | D:12     | Found a burning altar of Makhleb.
 10780 | D:12     | Noticed a flayed ghost
 10783 | D:12     | Killed a flayed ghost
 11006 | Orc:1    | Entered Level 1 of the Orcish Mines
 11535 | Orc:1    | Acquired Dithmenos's fourth power
 11860 | Orc:2    | Found a glowing silver altar of Zin.
 12380 | D:9      | Killed Gastronok
 12380 | D:9      | Reached skill level 5 in Charms
 12457 | Lair:1   | Entered Level 1 of the Lair of Beasts
 13635 | Lair:2   | Noticed Harold
 13641 | Lair:2   | Killed Harold
 13641 | Lair:2   | Reached skill level 15 in Stealth
 14567 | Lair:3   | Reached XP level 13. HP: 55/55 MP: 24/24
 14756 | Lair:3   | Found a staircase to the Snake Pit.
 14956 | Lair:3   | Noticed a five-headed hydra
 14960 | Lair:3   | Killed a five-headed hydra
 16692 | Lair:5   | Reached skill level 16 in Stealth
 16902 | Lair:5   | Found a staircase to the Shoals.
 17309 | Lair:6   | Identified a scroll of acquirement
 17537 | Lair:6   | Learned a level 6 spell: Iron Shot
 17879 | Lair:7   | Found a staircase to the Slime Pits.
 17967 | Lair:7   | Mangled by a death yak

Action                   |  1- 3 |  4- 6 |  7- 9 | 10-12 | 13-15 || total
-------------------------+-------+-------+-------+-------+-------++-------
Melee: Dagger            |   102 |       |       |   540 |   365 ||  1007
       Short sword       |    17 |   145 |   325 |   201 |       ||   688
 Cast: Ensorcelled Hiber |     3 |     1 |    34 |    78 |    20 ||   136
       Confuse           |       |     2 |    10 |    13 |       ||    25
       Repel Missiles    |       |       |     1 |     1 |       ||     2
       Throw Icicle      |       |       |       |     9 |     3 ||    12
Evoke: Wand              |       |       |       |    10 |       ||    10
  Use: Potion            |     3 |       |     8 |     2 |       ||    13
       Scroll            |       |       |    17 |    14 |    10 ||    41
 Stab: Sleeping          |     4 |    12 |    36 |   103 |    50 ||   205
       Distracted        |     1 |       |     2 |       |     1 ||     4
       Confused          |       |     1 |     8 |     2 |       ||    11
  Eat: Chunk             |     2 |     4 |     8 |    24 |     9 ||    47
       Beef jerky        |       |       |     1 |     1 |       ||     2
       Bread ration      |       |       |     1 |     1 |       ||     2
       Fruit             |       |       |       |     1 |     1 ||     2
       Pizza             |       |       |       |     1 |     1 ||     2
